AoeStats
← | ArCas | Toruk Makto

Arena

507856804Analyzed
4v4 RM · 12d ago on Sep 20, 2026· 33m 37s· 8 players
Game mode
Random Map
Map size
Large (8 player)
Population
200
Speed
Normal
Resources
Standard
Victory
Conquest
Starting age
Dark Age
Ending age
Imperial Age
RankedLock teamsTeams togetherTeam positionsShared explorationLock speedFull tech treeHidden civsTurbo modeCheats
Victory
Defeat
🇨🇳 Malians · China
1463
+10
🇩🇪 Vikings · Germany
1376
+13
🇨🇳 Wu · China
1327
+15
🇨🇳 Goths · China
1313
+17
🇨🇱 Cumans · Chile
1346
-15
🇲🇽 Mongols · Mexico
1331
-14
🇪🇨 Aztecs · Ecuador
1312
-13
🇦🇷 Persians · Argentina
1292
-13
给你一棒槌
10:50 Feudal Age
14:35 Castle Age
15:21 Double-Bit Axe
15:17 Horse Collar
20:43 Forging
23:30 Scale Mail Armor
29:40 Tigui
29:38 Fletching
29:58 Loom
小弱鸡
10:41 Feudal Age
14:29 Castle Age
12:57 Double-Bit Axe
13:32 Horse Collar
23:24 Wheelbarrow
29:32 Imperial Age
26:48 Loom
26:49 Town Watch
27:23 Treadmill Crane
28:19 Scale Barding Armor
28:25 Forging
28:36 Hand Cart
28:47 Gold Mining
29:16 Husbandry
29:27 Bloodlines
29:44 Chain Barding Armor
30:38 Conscription
29:58 Heavy Hei Guang Cavalry
32:50 Plate Barding Armor
32:51 Iron Casting
32:45 Bow Saw
32:38 Heavy Plow
32:48 Light Cavalry
33:31 Murder Holes
34:41 Two-Man Saw
34:28 Gold Shaft Mining
卢本伟
11:01 Feudal Age
14:55 Castle Age
14:12 Loom
16:37 Castle Age
20:56 Castle Age
24:18 Wheelbarrow
31:11 Hand Cart
32:14 Double-Bit Axe
Hugo
10:09 Feudal Age
14:18 Castle Age
13:47 Double-Bit Axe
13:45 Horse Collar
15:49 Bow Saw
19:21 Loom
20:04 Heavy Plow
22:43 Scale Mail Armor
24:17 Chain Mail Armor
23:53 Fletching
24:42 Town Watch
25:40 Ballistics
25:48 Bodkin Arrow
26:06 Forging
26:28 Gold Mining
29:56 Imperial Age
28:40 Iron Casting
28:14 Squires
28:18 Treadmill Crane
28:55 Masonry
28:34 Arson
29:42 Chieftains
30:59 Conscription
31:14 Plate Mail Armor
31:46 Blast Furnace
31:59 Chemistry
31:31 Architecture
31:15 Elite Berserk
Ars Radiophonik
10:37 Feudal Age
10:24 Loom
14:46 Castle Age
13:06 Double-Bit Axe
13:52 Loom
15:04 Wheelbarrow
16:13 Horse Collar
17:45 Heavy Plow
24:27 Bloodlines
25:57 Scale Barding Armor
26:38 Forging
27:08 Fletching
27:41 Chain Barding Armor
Poeta Abatido
10:55 Feudal Age
12:20 Man-at-Arms
21:19 Castle Age
19:09 Double-Bit Axe
20:50 Wheelbarrow
20:03 Horse Collar
22:02 Scale Mail Armor
21:29 Long Swordsman
25:01 Forging
27:56 Eagle Warrior
31:04 Chain Mail Armor
Youtube Nimro7
7:11 Loom
9:05 Feudal Age
10:24 Double-Bit Axe
17:45 Wheelbarrow
18:54 Horse Collar
25:02 Fletching
33:34 Castle Age
32:34 Gold Mining
| ArCas | Toruk Makto
5:02 Loom
10:59 Feudal Age
16:46 Castle Age
15:26 Double-Bit Axe
15:23 Horse Collar
16:38 Gold Mining
22:09 Fletching
23:56 Scale Barding Armor
24:52 Forging
26:28 Husbandry
27:21 Wheelbarrow
26:55 Town Watch
29:47 Bloodlines
30:42 Gold Shaft Mining
30:21 Bow Saw
30:14 Heavy Plow
31:12 Iron Casting
30:59 Chain Barding Armor
30:56 Stone Mining
32:35 Hand Cart
36:28 Imperial Age
Connection lost

Rejoining the realm…

Still unreachable

The connection could not be restored.

Session expired

The server has moved on; the page needs a fresh start.